 Dungeon Crawl Stone Soup version 0.25.0-1-g7eea58d2a3 (webtiles) character file.

Game seed: 11466868752118970323

1623114 HungrySpirit the Demon Slayer (level 27, 251/251 HPs)
             Began as a Merfolk Gladiator on June 13, 2020.
             Was a High Priest of the Shining One.
             Escaped with the Orb
             ... and 3 runes on June 14, 2020!
             The game lasted 03:45:36 (85257 turns).

HungrySpirit the Demon Slayer (Merfolk Gladiator)  Turns: 85257, Time: 03:45:37

Health: 251/251    AC: 49    Str: 25    XL:     27
Magic:  40/40      EV: 22    Int:  9    God:    the Shining One [*****.]
Gold:   4274       SH: 24    Dex: 23    Spells: 26/26 levels left

rFire    + + .     SeeInvis +   E - +9 trishula (holy)
rCold    + + .     Gourm    .   e - +5 kite shield of Agaceuhal {rF+ Dex+5}
rNeg     + + .     Faith    .   T - +9 gold dragon scales
rPois    +         Spirit   .   P - +3 crown of Dyrovepreva {rElec Int+2 SInv}
rElec    +         Reflect  .   k - +1 cloak
rCorr    +         Harm     .   (no gloves)
MR       +++..                  Z - +1 pair of boots {run}
Stlth    ..........             L - amulet "Royqigg" {Acrobat rC+ MR+ Int+2}
HPRegen  0.51/turn              D - ring of Robustness {AC+8}
MPRegen  0.27/turn              Q - ring of resist corrosion

@: glowing, quick
A: change form in water, swift swim, stealthy swim, large bone plates 1, rugged
brown scales 1, deterioration 1, dopey 1, poison resistance, subdued magic 1
0: Orb of Zot
}: 3/15 runes: decaying, serpentine, iron
a: Divine Shield, Cleansing Flame, Summon Divine Warrior, Renounce Religion


You escaped.
You worshipped the Shining One.
The Shining One was extremely pleased with you.
You were full.

You visited 11 branches of the dungeon, and saw 58 of its levels.
You visited 1 bazaar.
You also visited: Ossuary, Gauntlet, Ice Cave, Volcano and Desolation.

You collected 5814 gold pieces.
You spent 1540 gold pieces at shops.

Inventory:

Hand Weapons
 d - a +4 demon trident of venom
 E - a +9 trishula of holy wrath (weapon)
 U - a +8 trident of flaming
Armour
 e - the +5 kite shield of Agaceuhal (worn) {rF+ Dex+5}
   (You found it on level 11 of the Dungeon)

   It affects your dexterity (+5).
   It protects you from fire.
 k - a +1 cloak (worn)
 B - the +0 buckler "Zouliexy" {rElec rC++ Int+2 Stlth+}
   (You found it on level 4 of the Dungeon)

   It affects your intelligence (+2).
   It greatly protects you from cold.
   It insulates you from electricity.
   It makes you more stealthy.
 M - the +0 helmet of the Lute {rPois rC+ MR+}
   (You found it on level 9 of the Dungeon)

   It protects you from cold.
   It protects you from poison.
   It affects your resistance to hostile enchantments.
 P - the +3 crown of Dyrovepreva (worn) {rElec Int+2 SInv}
   (You found it on level 6 of the Lair of Beasts)

   It affects your intelligence (+2).
   It insulates you from electricity.
   It lets you see invisible.
 T - +9 gold dragon scales (worn)
 Z - a +1 pair of boots of running (worn)
Jewellery
 b - a +4 ring of evasion
 m - an uncursed amulet of reflection
 v - the macabre finger necklace {rN+}
   (You found it on level 2 of the Realm of Zot)

   [amulet of nothing]

   It protects you from negative energy.
 y - a +4 ring of slaying
 D - the ring of Robustness (left hand) {AC+8}
   (You found it on level 2 of the Depths)

   [ring of protection]

   It affects your AC (+8).
 F - an uncursed amulet of regeneration
 H - an uncursed ring of protection from cold
 L - the amulet "Royqigg" (around neck) {Acrobat rC+ MR+ Int+2}
   (You found it in a Gauntlet)

   [amulet of the acrobat]

   It helps you evade while moving and waiting.
   It affects your intelligence (+2).
   It protects you from cold.
   It affects your resistance to hostile enchantments.
 N - an uncursed ring of poison resistance
 Q - a ring of resist corrosion (right hand)
 W - the ring "Wuafet" {+Blink rF+ Str+5 Int-4, unknown}
   (You found it on level 3 of the Realm of Zot)

   [ring of protection from fire]

   It affects your strength (+5).
   It affects your intelligence (-4).
   It protects you from fire.
   It lets you blink.
Wands
 h - a wand of iceblast (8)
 q - a wand of digging (10)
Scrolls
 c - 7 scrolls of blinking
 j - 27 scrolls of remove curse
 n - 7 scrolls of fog
 r - 8 scrolls of amnesia
 u - 15 scrolls of teleportation
 C - 2 scrolls of summoning
 G - a scroll of brand weapon
 I - 8 scrolls of fear
 J - 6 scrolls of immolation
 S - 6 scrolls of identify
 Y - a scroll of holy word
Potions
 g - 15 potions of curing
 i - 6 potions of ambrosia
 l - 5 potions of lignification
 o - 5 potions of stabbing
 p - a potion of heal wounds
 s - a potion of cancellation
 t - 14 potions of flight
 w - 3 potions of haste
 A - 8 potions of brilliance
 K - 4 potions of mutation
Miscellaneous
 a - 2 phantom mirrors
 x - a tin of tremorstones (3/3)
 R - a lightning rod (4/4)
Comestibles
 f - 30 rations


   Skills:
 + Level 25.8 Fighting
 + Level 26.1 Polearms
 - Level 2.0 Throwing
 + Level 19.0 Armour
 + Level 24.2 Dodging
 - Level 15.0 Shields
 + Level 26.5 Invocations


You had 26 spell levels left.
You didn't know any spells.
Your spell library contained the following spells:

 Spells                   Type           Power        Failure   Level  Hunger
 Apportation              Tloc           #.....       99%         1    ##.....
 Freeze                   Ice            #...         99%         1    ##.....
 Magic Dart               Conj           #...         99%         1    ##.....
 Summon Small Mammal      Summ           #...         99%         1    ##.....
 Blink                    Tloc           N/A          100%        2    ###....
 Call Imp                 Summ           #.......     100%        2    ###....
 Slow                     Hex            #.......     100%        2    ###....
 Call Canine Familiar     Summ           #.......     100%        3    ####...
 Confusing Touch          Hex            #.......     100%        3    ####...
 Conjure Flame            Conj/Fire      #.......     100%        3    ####...
 Frozen Ramparts          Ice            #.....       100%        3    ####...
 Gell's Gravitas          Tloc           #.........   100%        3    ####...
 Mephitic Cloud           Conj/Pois/Air  #.......     100%        3    ####...
 Ozocubu's Armour         Chrm/Ice       #.......     100%        3    ####...
 Summon Guardian Golem    Hex/Summ       #.......     100%        3    ####...
 Hailstorm                Conj/Ice       #.......     100%        4    #####..
 Leda's Liquefaction      Hex/Erth       #.........   100%        4    #####..
 Petrify                  Tmut/Erth      #.......     100%        4    #####..
 Summon Ice Beast         Ice/Summ       #.......     100%        4    #####..
 Summon Lightning Spire   Summ/Air       #.......     100%        4    #####..
 Bolt of Magma            Conj/Fire/Erth #.........   100%        5    ######.
 Metabolic Englaciation   Hex/Ice        #.........   100%        5    ######.
 Yara's Violent Unravell  Hex/Tmut       #.........   100%        5    ######.
 Iron Shot                Conj/Erth      #.........   100%        6    #######
 Statue Form              Tmut/Erth      #........    100%        6    #######
 Malign Gateway           Summ/Tloc      #.........   100%        7    #######
 Chain Lightning          Conj/Air       #.........   100%        8    #######
 Lehudib's Crystal Spear  Conj/Erth      #.........   100%        8    #######
 Absolute Zero            Ice            #.........   100%        9    #######
 Fire Storm               Conj/Fire      #.........   100%        9    #######
 Shatter                  Erth           #.........   100%        9    #######


Dungeon Overview and Level Annotations

Branches:
Dungeon (15/15)            Temple (0/1) D:6            Lair (6/6) D:11
  Swamp (4/4) Lair:3        Snake (4/4) Lair:2        Slime (0/5) Lair:5
    Orc (2/2) D:12            Elf (2/3) Orc:2        Vaults (0/5) D:13
 Depths (5/5) D:15           Hell (visited)             Dis (7/7) Hell
    Geh (0/7) Hell            Coc (7/7) Hell            Zot (5/5) Depths:5
Ossuary (visited)           IceCv (visited)         Volcano (visited)
Desolation (visited)      Gauntlet (visited)
    Tar: Hell:1

Altars:
Ashenzari
Cheibriados
Dithmenos
Elyvilon
Fedhas
Gozag
Hepliaklqana
Kikubaaqudgha
Makhleb
Qazlal
Ru
Trog
Uskayaw
Zin
The Shining One
Beogh
Jiyva
Lugonu

Shops:
D:11 *   D:15 *   Orc:2 =?!}   Elf:2 (   Depths:1 (}:*   Depths:3 ==}

Portals:
Hell: Depths:1 Depths:2 Depths:3 Depths:4 Depths:5
Abyss: Depths:2* Depths:4
Pandemonium: Depths:3
Ziggurat: Depths:2
Trove: Elf:2 (give +5 demon trident)

Annotations:
D:7 exclusion: oklob plant
Lair:4 exclusion: 2 oklob plants, Rupert
Lair:6 2 transporters, hunmd123's ghost, journeyman NaFi
Depths:5 2 runed translucent doors
Zot:4 2 transporters, exclusion: obsidian statue
Zot:5 exclusion: 2 upstairs


Innate Abilities, Weirdness & Mutations

You revert to your normal form in water.
You are very nimble and swift while swimming.
You are very stealthy in the water. (Stealth+)
You are partially covered in large bone plates. (SH +4)
You are partially covered in rugged brown scales. (AC +1, +3% HP)
Your body sometimes deteriorates upon taking damage.
You are dopey. (Int -2)
Your system is resistant to poisons. (rPois)
Your spells are a little easier to cast, but a little less powerful.


Message History

Yzuluf blinks!
Attack whom?
Press: ? - help, Dir - move target cursor, f/p - Yzuluf
Aim: Yzuluf (moderately wounded, haloed)
You reach to attack!
You puncture Yzuluf!
Yzuluf convulses.
Yzuluf is heavily wounded.
You impale Yzuluf!!
Yzuluf convulses!
Yzuluf is severely wounded.
You block Yzuluf's attack.
You skewer Yzuluf like a kebab!!!
Yzuluf convulses!!!
You kill Yzuluf!
The Shining One accepts your kill.
You feel your power returning.
The Shining One blesses your daeva with more time in this world.
No target in view!
You see here a +0 club.
You see here a +0 leather armour.
There is an open door here.
There is a staircase leading out of the dungeon here.
You have escaped!

#.####......###...≈. #.#
##.####..###...≈ #.#
#....###.#####.. #.#
#....# #.......# #.#
#>...# ##....... #.#
#########.....## #.#
#............
#.##################
#.#@................
#.#'################
#####.#.................
##...#.#.################
##......#......A..........
#.......##################
#.........................
#............#.#######....
##.............# #......


There were no monsters in sight!

Vanquished Creatures
  3 ancient liches (Zot:5)
  4 orbs of fire
  A shard shrike (Coc:5)
  6 Killer Klowns (Zot:5)
  Saint Roka (Snake:2)
  Frederick (Depths:4)
  Geryon (Hell)
  3 curse toes
  7 golden dragons
  2 bone dragons (Depths:5)
  4 pandemonium lords
  2 Tzitzimimeh
  7 Hell Sentinels
  3 liches
  3 electric golems
  2 Brimstone Fiends
  22 Orb Guardians
  8 Ice Fiends
  23 tentacled monstrosities
  13 iron giants
  A deep elf blademaster (Elf:2)
  5 quicksilver dragons
  25 ancient champions
  A sphinx (Depths:3)
  3 Executioners
  15 death cobs
  Frances (D:13)
  8 thorn hunters
  Kirke (Lair:4)
  6 storm dragons
  4 shadow dragons
  2 draconian monks
  A daeva (Depths:1)
  2 ghost moths (Zot:3)
  2 fire giants (Depths:3)
  A deep elf sorcerer (Depths:4)
  5 iron dragons
  9 nagarajas
  An orc warlord (Orc:1)
  Aizul (Snake:1)
  11 draconian knights
  An imperial myrmidon (Desolation)
  5 frost giants
  2 balrugs
  4 draconian scorchers
  An angel (Elf:2)
  5 draconian shifters
  5 draconian annihilators
  5 cacodemons
  6 very ugly things
  7 war gargoyles (Dis:7)
  52 reapers
  3 draconian stormcallers (Zot:2)
  A juggernaut skeleton (Depths:2)
  5 spriggan defenders
  15 stone giants
  An elemental wellspring (Coc:5)
  A deep elf demonologist (Depths:5)
  4 lorocyprocas
  3 vampire knights
  Nessos (Lair:4)
  16 black draconians
  2 entropy weavers
  12 green draconians
  3 halazid warlocks (Desolation)
  11 red draconians
  14 yellow draconians
  8 purple draconians
  2 spark wasps (Depths:3)
  17 white draconians
  A crystal guardian (Desolation)
  5 blizzard demons
  Snorg (D:12)
  4 ettins
  3 green deaths
  A kraken zombie (Coc:2)
  A deep elf high priest (Depths:3)
  2 quicksilver dragon zombies
  2 merfolk impalers
  11 fire dragons
  8 jiangshi
  An ogre mage (Depths:2)
  7 yaktaur captains
  5 great orbs of eyes
  9 ice dragons
  3 servants of whispers (Desolation)
  2 ragged hierophants (Desolation)
  8 naga warriors (Snake:4)
  27 hydras
  3 rakshasas
  3 peacekeepers (Desolation)
  A quicksilver dragon skeleton (Dis:2)
  5 hell beasts
  7 spriggan air magi
  A ghost crab (Swamp:4)
  3 shambling mangroves
  17 anacondas
  An anaconda (shapeshifter) (Depths:5)
  26 dancing weapons
  16 two-headed ogres
  17 alligators
  5 centaur warriors
  12 tengu warriors
  18 hell hogs
  10 deep troll shamans
  4 titan zombies
  5 death yaks
  11 shock serpents
  4 vampire magi
  A queen ant (D:13)
  5 spriggan berserkers
  14 deep elf knights
  A storm dragon zombie (Dis:7)
  An orc high priest (Elf:1)
  7 deep troll earth magi
  Sonja (D:13)
  8 naga sharpshooters
  6 soul eaters
  6 sun demons
  14 iron trolls
  85 skeletal warriors
  A titan skeleton (Coc:5)
  10 hell knights
  2 sixfirhies (Zot:5)
  3 salamander mystics
  5 iron golems
  5 golden dragon zombies
  A ghost moth zombie (Coc:3)
  2 spriggan druids (Swamp:4)
  An unseen horror (shapeshifter) (D:14)
  2 storm dragon skeletons
  7 sea snakes
  4 flayed ghosts
  An unseen horror (D:12)
  A sea snake (shapeshifter) (Depths:3)
  7 glowing orange brains
  24 deep trolls
  9 anaconda zombies
  12 swamp dragons
  6 deep elf archers
  3 phantasmal warriors
  4 iron dragon zombies
  5 wolf spider zombies
  3 orc knights
  A wizard (D:14)
  An ironbrand convoker (Desolation)
  A shadow demon (Dis:4)
  5 stone giant zombies
  11 mana vipers
  7 naga ritualists
  7 necromancers
  2 shadow dragon zombies (Dis:7)
  2 anaconda skeletons
  An oklob plant (Gauntlet)
  14 ugly things
  4 shadow dragon skeletons
  4 frost giant zombies
  A manticore (D:14)
  6 orc sorcerers
  11 salamanders
  33 deep elf magi
  5 fire giant zombies
  5 cyclopes
  An elephant (shapeshifter) (Depths:4)
  2 iron dragon skeletons
  23 moths of wrath
  49 rust devils
  2 fire giant skeletons
  3 frost giant skeletons
  5 guardian serpents
  An apocalypse crab (Gauntlet)
  3 dire elephant zombies
  3 ice statues
  44 black mambas
  2 smoke demons
  2 gargoyles (D:14)
  12 naga magi
  A black mamba (shapeshifter) (D:15)
  2 emperor scorpion zombies
  An eye of devastation (shapeshifter) (D:15)
  26 spiny frogs
  3 molten gargoyles
  21 hellions
  4 orange demons
  A rime drake (shapeshifter) (D:15)
  17 yaktaurs
  An efreet (Dis:1)
  2 dire elephant skeletons
  22 freezing wraiths
  5 spectral swamp worms (Depths:4)
  A minotaur zombie (Dis:5)
  9 komodo dragons
  2 catoblepas zombies
  3 kobold demonologists
  5 rime drakes
  A demonic crawler (D:5)
  26 tormentors
  2 guardian mummies (Elf:2)
  An anaconda simulacrum (Hell)
  28 ice devils
  10 trolls
  10 hydra zombies
  2 queen bees
  17 red devils
  4 tengu conjurers
  4 harpy zombies
  16 polar bears
  A jumping spider (shapeshifter) (D:15)
  15 tyrant leeches
  22 hornets
  31 saltlings (Desolation)
  40 slime creatures
  4 ettin zombies
  2 hydra skeletons
  11 dream sheep
  10 bog bodies
  11 hippogriffs
  A wind drake (shapeshifter) (D:14)
  27 blink frogs
  3 ice dragon zombies
  Grinder (D:5)
  7 fire dragon zombies
  3 alligator zombies
  An alligator skeleton (Coc:5)
  3 black mamba zombies
  4 fire dragon skeletons
  A redback (shapeshifter) (Depths:2)
  38 flying skulls
  18 spriggans
  A spriggan (shapeshifter) (Depths:3)
  2 air elementals
  13 wraiths
  2 ettin skeletons
  2 vampires
  A tarantella (shapeshifter) (D:15)
  A wyvern (Lair:3)
  10 water elementals
  13 shadows
  A ynoxinul (Zot:5)
  34 yaks
  A black mamba skeleton (Coc:5)
  7 fire elementals (Hell)
  6 fire bats (Volcano)
  4 basilisks
  A steam dragon (Lair:5)
  4 hogs
  22 vampire mosquitoes
  3 hungry ghosts
  14 insubstantial wisps (Swamp:4)
  14 swamp worms
  3 wargs
  5 large abominations
  40 nagas
  3 acid dragons
  14 porcupines
  2 small abominations (Depths:1)
  A naga (shapeshifter) (Depths:2)
  24 water moccasins
  69 hell hounds
  16 soldier ants
  7 spiny frog zombies
  A floating eye (Depths:4)
  16 swamp drakes
  A hornet zombie (D:11)
  6 sky beasts
  2 spiny frog skeletons
  4 phantoms
  49 orc warriors
  9 ice beasts
  A manticore zombie (Coc:3)
  3 swamp dragon zombies
  2 snapping turtle zombies
  16 ogres
  2 black bears (D:11)
  7 necrophages
  4 boggarts (Depths:2)
  An elf simulacrum (Depths:2)
  24 wolves
  An eye of draining (D:4)
  An ogre (shapeshifter) (D:15)
  33 centaurs
  A snapping turtle skeleton (Coc:5)
  2 big kobolds
  14 crocodiles
  30 bullfrogs
  2 earth elementals (Elf:2)
  2 spiny frog simulacra (Hell)
  11 scorpions
  2 wyvern skeletons
  A swamp dragon simulacrum (Coc:7)
  A troll zombie (Dis:2)
  30 killer bees
  58 wights
  5 electric eels
  11 howler monkeys
  3 bullfrog zombies
  3 lava snakes
  5 crimson imps
  A quasit (D:6)
  7 centaur zombies
  5 hounds
  4 human zombies (Ossuary)
  A gnoll shaman (D:9)
  3 jellies
  23 orc wizards
  22 orc priests
  9 centaur skeletons
  Crazy Yiuf (D:4)
  A bullfrog skeleton (D:12)
  7 iguanas
  53 iron imps
  A human skeleton (Coc:4)
  Ijyb (D:5)
  7 hell rats (Hell)
  18 worker ants
  A killer bee zombie (D:6)
  An ogre zombie (Dis:3)
  A bullfrog simulacrum (D:10)
  2 big kobold zombies (Ossuary)
  3 tengu zombies
  10 mummies
  3 hound skeletons
  A worker ant zombie (D:10)
  Robin (D:2)
  9 gnolls
  A howler monkey skeleton (D:9)
  3 scorpion zombies (Ossuary)
  23 adders
  3 shadow imps
  7 white imps
  2 ufetubi (D:10)
  3 oozes
  2 adder zombies
  2 adder skeletons (D:8)
  2 worms
  3 dart slugs
  6 leopard geckos
  99 orcs
  4 ball pythons
  3 bats
  10 giant cockroaches
  13 goblins
  7 hobgoblins
  13 jackals
  20 kobolds
  6 quokkas
  6 frilled lizards
  2 gnoll zombies (Ossuary)
  A goblin zombie (Ossuary)
  2 hobgoblin zombies (Ossuary)
  A jackal skeleton (D:7)
  2 kobold zombies
  3 leopard gecko skeletons
  A leopard gecko zombie (D:6)
  4 orc zombies (Ossuary)
  A quokka skeleton (D:4)
  3 rats (D:3)
  3 briar patches (Swamp:4)
  A plant (Lair:4)
  3 tentacles (Coc:2)
2909 creatures vanquished.

Vanquished Creatures (collateral kills)
  Dispater (Dis:7)
  Mennas (Depths:4)
  A juggernaut (Depths:4)
  A Killer Klown (Zot:5)
  3 Brimstone Fiends (Dis:7)
  9 iron giants
  A tentacled monstrosity (Zot:4)
  An Ice Fiend (Dis:7)
  2 Hell Sentinels
  A quicksilver dragon (Dis:7)
  4 Orb Guardians (Zot:5)
  An Executioner (Dis:7)
  5 ancient champions
  Agnes (D:15)
  A nagaraja (Snake:4)
  A storm dragon (Zot:1)
  A draconian monk (Zot:5)
  3 frost giants (Depths:5)
  2 iron dragons
  2 balrugs
  An imperial myrmidon (Desolation)
  A cacodemon (Dis:7)
  An angel (Elf:2)
  7 reapers
  A spriggan defender (Depths:5)
  4 war gargoyles (Dis:7)
  A green draconian (Zot:4)
  A halazid warlock (Desolation)
  2 black draconians
  2 spark wasps (Depths:3)
  A white draconian (Zot:1)
  A lorocyproca (Dis:7)
  A deep elf annihilator (Elf:2)
  A minotaur (Gauntlet)
  A yellow draconian (Zot:5)
  A servant of whispers (Desolation)
  A rakshasa (Depths:1)
  A ragged hierophant (Desolation)
  4 peacekeepers (Desolation)
  3 spriggan air magi
  A naga warrior (Snake:4)
  A hydra (Swamp:4)
  5 dancing weapons
  3 two-headed ogres (D:15)
  3 deep troll shamans (Depths:1)
  A naga sharpshooter (Snake:4)
  An ogre mage (D:15)
  4 deep elf knights (Elf:1)
  3 spriggans
  An iron troll (Depths:1)
  5 skeletal warriors (Dis:3)
  2 sea snakes (Snake:4)
  2 golden dragon zombies (Dis:7)
  2 deep trolls (Depths:1)
  2 flayed ghosts
  2 deep elf archers (Elf:1)
  An ironbrand convoker (Desolation)
  A shadow dragon zombie (Dis:7)
  9 deep elf magi
  A frost giant zombie (Dis:7)
  2 dire elephant zombies
  6 rust devils
  4 moths of wrath
  A guardian serpent (Snake:4)
  A dire elephant skeleton (Dis:2)
  2 yaktaurs
  3 hellions (Dis:7)
  5 tormentors
  7 saltlings (Desolation)
  A slime creature (Depths:1)
  A harpy skeleton (D:15)
  3 hornets
  A fire dragon zombie (Dis:7)
  5 flying skulls (Dis:3)
  3 wraiths (Dis:3)
  2 fire elementals (Elf:1)
  4 nagas (Snake:4)
  7 hell hounds
  An orc warrior (Orc:2)
  A snapping turtle skeleton (Dis:7)
  An earth elemental (Elf:1)
  5 iron imps
  An ufetubus (Depths:1)
  2 orcs
  A briar patch (Swamp:4)
198 creatures vanquished.

Vanquished Creatures (others)
  A fire giant (Depths:2)
  An elemental wellspring (Coc:5)
  A war gargoyle (Dis:7)
  A fire dragon (D:15)
  A deep elf archer (Elf:1)
  An ice devil (Dis:7)
  A blink frog (Swamp:1)
  A stone giant simulacrum (Hell)
  A neqoxec (Zot:5)
  A scorpion (Ossuary)
  A mummy (Ossuary)
  A howler monkey simulacrum (D:10)
  A jackal (D:10)
  A hobgoblin zombie (Ossuary)
  An orc zombie (Ossuary)
  A block of ice (Zot:5)
  2 briar patches (Swamp:4)
  10 fungi
  50 plants
  4 tentacles (Coc:2)
82 creatures vanquished.

Grand Total: 3189 creatures vanquished

Notes
Turn   | Place    | Note
-------+----------+-------------------------------------------
     0 | D:1      | HungrySpirit the Merfolk Gladiator began the quest for the
                  | Orb.
     0 | D:1      | Reached XP level 1. HP: 16/16 MP: 1/1
   103 | D:1      | Reached XP level 2. HP: 23/23 MP: 2/2
   784 | D:2      | Reached skill level 5 in Polearms
   802 | D:2      | Found a glowing golden altar of the Shining One.
   899 | D:2      | Reached XP level 3. HP: 28/28 MP: 3/3
  1147 | D:2      | Noticed Robin
  1183 | D:2      | Killed Robin
  1183 | D:2      | Reached XP level 4. HP: 24/34 MP: 4/4
  1189 | D:2      | Reached skill level 1 in Armour
  1288 | D:2      | Found a glowing silver altar of Zin.
  1292 | D:2      | Found a hide-covered altar of Uskayaw.
  1294 | D:2      | Found a shadowy altar of Dithmenos.
  2008 | D:3      | Found an ancient bone altar of Kikubaaqudgha.
  2009 | D:3      | Found a bloodstained altar of Trog.
  2013 | D:3      | Reached XP level 5. HP: 41/41 MP: 5/5
  2022 | D:3      | Found a sacrificial altar of Ru.
  2557 | D:4      | Found a sand-covered staircase.
  2562 | Ossuary  | Entered an ossuary
  2590 | Ossuary  | Reached skill level 5 in Dodging
  2615 | Ossuary  | Reached XP level 6. HP: 21/47 MP: 6/6
  3382 | Ossuary  | Reached XP level 7. HP: 48/54 MP: 7/7
  3870 | D:4      | Got a distressingly furry buckler
  4207 | D:4      | Reached XP level 8. HP: 45/61 MP: 8/8
  4416 | D:4      | Found a runed translucent door.
  4417 | D:4      | Noticed Crazy Yiuf
  4424 | D:4      | Killed Crazy Yiuf
  4719 | D:4      | Reached skill level 5 in Fighting
  4965 | D:5      | Entered Level 5 of the Dungeon
  5180 | D:5      | Found a glowing golden altar of the Shining One.
  5188 | D:5      | Became a worshipper of the Shining One
  5216 | D:5      | Reached skill level 10 in Polearms
  5329 | D:5      | Found a blossoming altar of Fedhas.
  5394 | D:5      | Noticed Ijyb
  5408 | D:5      | Killed Ijyb
  5495 | D:5      | Noticed Grinder
  5797 | D:5      | Found a stormy altar of Qazlal.
  5836 | D:5      | Identified the cursed +0 buckler "Zouliexy" {rElec rC++
                  | Int+2 Stlth+} (You found it on level 4 of the Dungeon)
  5845 | D:5      | Killed Grinder
  5961 | D:5      | Reached XP level 9. HP: 69/69 MP: 9/9
  6084 | D:5      | Reached skill level 1 in Shields
  6136 | D:6      | Found a snail-covered altar of Cheibriados.
  6165 | D:6      | Found a burning altar of Makhleb.
  6173 | D:6      | Found a staircase to the Ecumenical Temple.
  6178 | D:6      | Reached * piety under the Shining One
  6400 | D:6      | Found a white marble altar of Elyvilon.
  6952 | D:7      | Found an opulent altar of Gozag.
  6952 | D:7      | Noticed an oklob plant
  7207 | D:8      | Reached ** piety under the Shining One
  7494 | D:8      | Reached XP level 10. HP: 61/77 MP: 10/10
  7757 | D:8      | Noticed a two-headed ogre
  7838 | D:8      | Killed a two-headed ogre
  8125 | D:9      | Noticed a two-headed ogre
  8474 | D:9      | Found a hazy altar of Hepliaklqana.
  8659 | D:9      | Noticed a two-headed ogre
  8789 | D:9      | Got a crude helmet
  8790 | D:9      | Identified the +0 helmet of the Lute {rPois rC+ MR+} (You
                  | found it on level 9 of the Dungeon)
  8966 | D:9      | Noticed a two-headed ogre
  8966 | D:9      | Reached *** piety under the Shining One
  8969 | D:9      | Killed a two-headed ogre
  8969 | D:9      | Reached skill level 5 in Armour
  8986 | D:9      | Killed a two-headed ogre
  8991 | D:9      | Found a shattered altar of Ashenzari.
  9027 | D:9      | Reached skill level 10 in Dodging
  9027 | D:9      | Reached skill level 5 in Shields
  9027 | D:9      | Reached XP level 11. HP: 59/86 MP: 11/11
  9170 | D:9      | Noticed a two-headed ogre
  9183 | D:10     | Entered Level 10 of the Dungeon
  9248 | D:9      | Killed a two-headed ogre
  9535 | D:9      | Killed a two-headed ogre
  9535 | D:9      | Reached skill level 15 in Polearms
  9635 | D:10     | Noticed a deep elf mage
  9689 | D:10     | Reached **** piety under the Shining One
 10218 | D:10     | Reached skill level 1 in Invocations
 10415 | D:11     | Found a frozen archway.
 10424 | IceCv    | Entered an ice cave
 10934 | IceCv    | Reached XP level 12. HP: 79/95 MP: 13/13
 11122 | IceCv    | Reached ***** piety under the Shining One
 11838 | IceCv    | Noticed a death yak
 11838 | IceCv    | Noticed a frost giant
 12224 | D:11     | Found Sosei's General Store.
 12546 | D:11     | Reached skill level 10 in Fighting
 12547 | D:11     | Noticed a two-headed ogre
 12594 | D:10     | Killed a two-headed ogre
 12930 | D:11     | Bought a scroll of enchant weapon for 90 gold pieces
 12930 | D:11     | Bought 2 potions of degeneration for 24 gold pieces
 13031 | D:11     | Found a staircase to the Lair.
 13096 | D:11     | Got an ichor-stained kite shield
 13114 | D:11     | Identified the +5 kite shield of Agaceuhal {rF+ Dex+5} (You
                  | found it on level 11 of the Dungeon)
 13387 | Lair:1   | Entered Level 1 of the Lair of Beasts
 13387 | Lair:1   | Found a gate leading to a gauntlet.
 13395 | Gauntlet | Entered a Gauntlet
 13395 | Gauntlet | Found a transporter.
 13395 | Gauntlet | Found a transporter.
 13399 | Gauntlet | Found a transporter.
 13399 | Gauntlet | Found a transporter.
 13401 | Gauntlet | Found a large runed translucent door.
 13402 | Gauntlet | Found a large runed translucent door.
 13403 | Gauntlet | Found a large runed translucent door.
 13403 | Gauntlet | Found a large runed translucent door.
 13403 | Gauntlet | Found a runed translucent door.
 13404 | Gauntlet | Found a runed translucent door.
 13404 | Gauntlet | Found a large runed translucent door.
 13405 | Gauntlet | Found a large runed translucent door.
 13405 | Gauntlet | Found a large runed translucent door.
 13405 | Gauntlet | Found a large runed translucent door.
 13405 | Gauntlet | Found a large runed translucent door.
 13405 | Gauntlet | Found a large runed translucent door.
 13406 | Gauntlet | Found a large runed translucent door.
 13406 | Gauntlet | Found a large runed translucent door.
 13407 | Gauntlet | Found a runed translucent gate.
 13407 | Gauntlet | Found a runed translucent gate.
 13407 | Gauntlet | Found a runed translucent gate.
 13409 | Gauntlet | Found a transporter.
 13419 | Gauntlet | Found a large runed translucent door.
 13419 | Gauntlet | Found a transporter.
 13419 | Gauntlet | Found a transporter.
 13420 | Gauntlet | Found a large runed translucent door.
 13443 | Gauntlet | Found a transporter.
 13454 | Gauntlet | Found a transporter.
 13482 | Gauntlet | Found a transporter.
 13528 | Gauntlet | Found a transporter.
 13544 | Gauntlet | Found a transporter.
 13552 | Gauntlet | Noticed a death scarab
 13634 | Gauntlet | Found a transporter.
 13643 | Gauntlet | Found a transporter.
 13647 | Gauntlet | Found a large runed translucent door.
 13647 | Gauntlet | Found a large runed translucent door.
 13657 | Gauntlet | Found a transporter.
 13670 | Gauntlet | Found a transporter.
 13860 | Gauntlet | Got an encrusted helmet
 14062 | Gauntlet | Reached skill level 5 in Invocations
 14248 | Gauntlet | Got a coiled lead amulet
 14442 | Gauntlet | Got a distressingly furry cloak
 14486 | Gauntlet | Noticed a minotaur
 14502 | Gauntlet | Killed a minotaur
 14502 | Gauntlet | Reached XP level 13. HP: 55/104 MP: 8/16
 16839 | Lair:2   | Found a staircase to the Snake Pit.
 17490 | Lair:3   | Found a staircase to the Swamp.
 19006 | Lair:4   | Noticed Nessos
 19023 | Lair:4   | Killed Nessos
 19167 | Lair:4   | Noticed Rupert
 19257 | Lair:4   | Identified the +0 cloak of Too Many Cooks {rElec rPois rC-
                  | Str+5} (You found it in a Gauntlet)
 19466 | Lair:4   | Noticed Kirke
 19495 | Lair:3   | Reached XP level 14. HP: 113/113 MP: 19/19
 19562 | Lair:4   | Killed Kirke
 19580 | Lair:4   | Found a sacrificial altar of Ru.
 19719 | Lair:5   | Found a dark tunnel.
 19731 | Volcano  | Entered a volcano
 20177 | Volcano  | Found a burning altar of Makhleb.
 21085 | Lair:5   | Found a viscous altar of Jiyva.
 21085 | Lair:5   | Found a staircase to the Slime Pits.
 21547 | Lair:6   | Entered Level 6 of the Lair of Beasts
 21582 | Lair:6   | Identified the amulet "Royqigg" {Acrobat rC+ MR+ Int+2}
                  | (You found it in a Gauntlet)
 22367 | Lair:6   | Reached ****** piety under the Shining One
 22636 | Lair:5   | Reached XP level 15. HP: 105/122 MP: 21/21
 22767 | Lair:6   | Noticed hunmd123's ghost (journeyman NaFi)
 22770 | Lair:6   | Found a transporter.
 22804 | Lair:6   | Found a transporter.
 23262 | Lair:6   | Found the +3 crown of Dyrovepreva {rElec Int+2 SInv}
 23878 | Lair:6   | Identified the +0 helmet "Ogrealew" {+Inv rPois rC+ Str-4}
                  | (You found it in a Gauntlet)
 24223 | D:12     | Noticed Snorg
 24246 | D:12     | Killed Snorg
 24459 | D:12     | Found a staircase to the Orcish Mines.
 24938 | D:12     | Found a roughly hewn altar of Beogh.
 25138 | Orc:1    | Entered Level 1 of the Orcish Mines
 25393 | Orc:2    | Entered Level 2 of the Orcish Mines
 25405 | Orc:2    | Found a staircase to the Elven Halls.
 25471 | Orc:2    | Noticed an orc warlord
 25488 | Orc:2    | Identified the +4 tower shield of the Bard {rElec Dex+5}
 25622 | Orc:1    | Identified the cursed +0 tower shield of the Devil {rF+ MR+
                  | Str+2 Dex+3}
 25631 | Orc:1    | Killed an orc warlord
 25631 | Orc:1    | Reached skill level 10 in Invocations
 26351 | Orc:2    | Reached skill level 10 in Shields
 26670 | Orc:2    | Found Hinacy's Magic Scroll Shop.
 26670 | Orc:2    | Found Xoiqe's Distillery.
 26670 | Orc:2    | Found Diulluuh's Gadget Emporium.
 26704 | Orc:2    | Found Ucuv Vir's Jewellery Boutique.
 26710 | Orc:2    | Bought a cursed ring of teleportation for 58 gold pieces
 26716 | Orc:2    | Bought a potion of lignification for 45 gold pieces
 26721 | Orc:2    | Bought a scroll of identify for 36 gold pieces
 26721 | Orc:2    | Bought a scroll of identify for 36 gold pieces
 26757 | Orc:2    | Found a roughly hewn altar of Beogh.
 27204 | Orc:1    | Noticed an orc warlord
 27466 | D:13     | Noticed Sonja
 27470 | D:13     | Killed Sonja
 27475 | D:13     | Noticed Frances
 27500 | D:13     | Killed Frances
 27818 | D:13     | Found a gate to the Vaults.
 28930 | D:13     | Reached XP level 16. HP: 99/131 MP: 23/23
 30681 | D:15     | Entered Level 15 of the Dungeon
 30823 | D:15     | Found an ancient bone altar of Kikubaaqudgha.
 30833 | D:15     | Noticed Agnes
 30856 | D:15     | Killed Agnes
 31556 | D:15     | Found Vite's General Store.
 31560 | D:15     | Bought a scroll of identify for 34 gold pieces
 31560 | D:15     | Bought a scroll of remove curse for 51 gold pieces
 32933 | D:15     | Found a staircase to the Depths.
 32944 | Depths:1 | Entered Level 1 of the Depths
 33090 | Elf:1    | Entered Level 1 of the Elven Halls
 34018 | Elf:1    | Reached XP level 17. HP: 113/140 MP: 25/25
 34786 | Elf:2    | Found a ruined gateway.
 34824 | Elf:2    | Found a glowing silver altar of Zin.
 34824 | Elf:2    | Found a white marble altar of Elyvilon.
 34824 | Elf:2    | Found a glowing golden altar of the Shining One.
 34837 | Desolati | Entered the Desolation of Salt
 34905 | Desolati | Found the +3 hat of Pondering {ponderous, MR+ MP+10 Int+5}
 35193 | Desolati | Identified Xaqeaffi's Grimoire of Dislocated Ice
 35253 | Desolati | Got a slimy platinum ring
 35254 | Desolati | Identified the ring "Hicapno" {*Tele Str-5 Int+6 Slay+5}
                  | (You found it in the Desolation of Salt)
 35361 | Desolati | Identified the +5 quarterstaff "Hiegur" {flame, +Rage}
 35547 | Desolati | Got a flickering lapis lazuli ring
 35548 | Desolati | Identified the ring of Ruar {rPois rC- rN+++ Dex-3 Stlth+}
                  | (You found it in the Desolation of Salt)
 36316 | Elf:2    | Found a portal to a secret trove of treasure.
 36400 | Elf:2    | Reached skill level 15 in Fighting
 36579 | Elf:2    | Found a runed translucent gate.
 36579 | Elf:2    | Found a runed translucent gate.
 36580 | Elf:2    | Found a runed translucent gate.
 36658 | Elf:2    | Found Agyal's Weapon Emporium.
 36739 | Elf:2    | Reached XP level 18. HP: 149/149 MP: 27/27
 36931 | Elf:2    | Reached skill level 15 in Dodging
 37136 | Elf:2    | Noticed a deep elf blademaster
 37148 | Elf:2    | Killed a deep elf blademaster
 37148 | Elf:2    | Reached skill level 10 in Armour
 40255 | Depths:1 | Found a gateway to Hell.
 40420 | Depths:1 | Found Teweacio's General Store.
 40420 | Depths:1 | Found Baykkashun's Antique Weapon Emporium.
 40421 | Depths:1 | Found Imott's Book Shoppe.
 40423 | Depths:1 | Found Luaruf's Gadget Emporium.
 40428 | Depths:1 | Bought a scroll of holy word for 120 gold pieces
 40428 | Depths:1 | Bought a scroll of identify for 32 gold pieces
 40437 | Depths:1 | Bought a glowing trident for 195 gold pieces
 40437 | Depths:1 | Identified a +1 pair of boots of running (You found it on
                  | level 1 of the Depths)
 42008 | Depths:2 | Reached XP level 19. HP: 157/157 MP: 29/29
 44242 | Depths:2 | Found a corrupted altar of Lugonu.
 44248 | Depths:2 | Found a one-way gate to the infinite horrors of the Abyss.
 44565 | Depths:2 | Found a gateway to a ziggurat.
 44908 | Depths:2 | Found the ring of Robustness {AC+8}
 47261 | Depths:3 | Found a one-way gate leading to the halls of Pandemonium.
 47601 | Depths:3 | Reached XP level 20. HP: 138/167 MP: 31/31
 47935 | Depths:3 | Found Qyj Jol's Jewellery Boutique.
 47936 | Depths:3 | Found Taok's Gadget Shoppe.
 47937 | Depths:3 | Found Rodu's Jewellery Boutique.
 47945 | Depths:3 | Bought a wand of digging (6) for 380 gold pieces
 48565 | Depths:4 | You fall into a shaft and drop 1 floor!
 48565 | Depths:5 | Entered Level 5 of the Depths
 48612 | Depths:5 | Noticed a golden dragon
 48644 | Depths:5 | Killed a golden dragon
 48644 | Depths:5 | Reached skill level 15 in Invocations
 48777 | Depths:5 | Identified a +7 trishula of holy wrath (a +5 demon trident
                  | blessed by the Shining One)
 48777 | Depths:5 | Received a gift from the Shining One
 48813 | Depths:5 | Noticed a golden dragon
 48820 | Depths:4 | Noticed a juggernaut
 49727 | Depths:4 | Noticed Mennas
 49753 | Depths:4 | Killed Mennas
 49893 | Depths:4 | Noticed Frederick
 49911 | Depths:4 | Killed Frederick
 50004 | Depths:4 | Killed a juggernaut
 50421 | Depths:4 | Noticed a golden dragon
 50436 | Depths:4 | Killed a golden dragon
 50815 | Hell     | Entered the Vestibule of Hell
 50815 | Hell     | Noticed Geryon
 50840 | Hell     | Found a gateway to the ashen valley of Gehenna.
 50904 | Hell     | Reached XP level 21. HP: 175/175 MP: 32/32
 50909 | Hell     | Reached skill level 15 in Shields
 51204 | Hell     | Killed Geryon
 51431 | Hell     | Found a gateway to the Iron City of Dis.
 51453 | Dis:1    | Entered Level 1 of the Iron City of Dis
 52379 | Dis:2    | Gained mutation: Armour fits poorly on your strangely
                  | shaped body. [mutagenic glow]
 52777 | Dis:2    | Reached XP level 22. HP: 185/185 MP: 34/34
 55966 | Dis:4    | Reached XP level 23. HP: 194/194 MP: 35/35
 58145 | Dis:5    | Gained mutation: You are frail. (-10% HP) [a cacodemon]
 58693 | Orc:2    | Bought a scroll of magic mapping for 63 gold pieces
 58693 | Orc:2    | Bought a scroll of fog for 36 gold pieces
 58693 | Orc:2    | Bought a scroll of enchant armour for 135 gold pieces
 59492 | Dis:7    | Entered Level 7 of the Iron City of Dis
 60030 | Hell     | Reached XP level 24. HP: 71/185 MP: 36/36
 61669 | Dis:7    | Reached skill level 15 in Armour
 62579 | Dis:7    | Reached XP level 25. HP: 163/193 MP: 37/37
 62649 | Dis:7    | Found the +10 tower shield of Ignorance {rN+ Int-4}
 63520 | Dis:7    | Identified the +4 staff of Dispater
 63520 | Dis:7    | Noticed Dispater
 63568 | Dis:7    | Killed Dispater
 63594 | Dis:7    | Got an iron rune of Zot
 63796 | Hell     | Found a gateway to the freezing wastes of Cocytus.
 63829 | Coc:1    | Entered Level 1 of Cocytus
 64317 | Coc:5    | Noticed a shard shrike
 64327 | Coc:5    | Killed a shard shrike
 64458 | Coc:7    | Entered Level 7 of Cocytus
 64883 | Swamp:1  | Entered Level 1 of the Swamp
 65179 | Swamp:1  | Reached XP level 26. HP: 202/202 MP: 38/38
 67398 | Swamp:4  | Entered Level 4 of the Swamp
 68296 | Swamp:4  | Got a decaying rune of Zot
 68681 | Snake:1  | Entered Level 1 of the Snake Pit
 68760 | Snake:1  | Noticed Aizul
 68769 | Snake:1  | Killed Aizul
 70231 | Snake:2  | Noticed Saint Roka
 70254 | Snake:2  | Killed Saint Roka
 71650 | Snake:4  | Entered Level 4 of the Snake Pit
 71762 | Snake:4  | Reached XP level 27. HP: 211/211 MP: 38/38
 72775 | Snake:4  | Got a serpentine rune of Zot
 74229 | Depths:5 | Found a gateway to a bazaar.
 74404 | Bazaar   | Entered a bazaar
 74418 | Bazaar   | Found Iqikhid's Book Shoppe.
 74441 | Bazaar   | Found Locw's General Store.
 74445 | Bazaar   | Bought a scroll of blinking for 75 gold pieces
 74445 | Bazaar   | Bought a scroll of teleportation for 30 gold pieces
 74445 | Bazaar   | Bought a potion of haste for 100 gold pieces
 74462 | Bazaar   | Found Memasad's Antique Weapon Shoppe.
 75281 | Depths:5 | Found a runed translucent door.
 75281 | Depths:5 | Found a runed translucent door.
 75281 | Depths:5 | Found a runed translucent door.
 75303 | Depths:5 | Found a runed translucent door.
 75412 | Depths:5 | Found a runed translucent door.
 75416 | Depths:5 | Found a runed translucent door.
 75764 | Depths:5 | Found a gate to the Realm of Zot.
 75800 | Zot:1    | Entered Level 1 of the Realm of Zot
 77636 | Zot:2    | Noticed an orb of fire
 77639 | Zot:2    | Gained mutation: You are very frail. (-20% HP) [an orb of
                  | fire]
 77668 | Zot:2    | Killed an orb of fire
 78558 | Zot:2    | Found the macabre finger necklace {rN+}
 78706 | Zot:2    | Got a sparkling bone ring
 78707 | Zot:2    | Identified the ring "Erairch" {*Tele rN+ Str+4 Int-2} (You
                  | found it on level 2 of the Realm of Zot)
 79846 | Zot:3    | Got a flickering golden ring
 80536 | Zot:4    | Found a transporter.
 80538 | Zot:4    | Found a transporter.
 81770 | Zot:5    | Entered Level 5 of the Realm of Zot
 82033 | Zot:5    | Identified the cursed +0 tower shield of Bozeajos {Regen+
                  | Str-5 Int-2 Dex+5}
 82264 | Zot:5    | Noticed an ancient lich
 82272 | Zot:5    | Killed an ancient lich
 82839 | Zot:5    | Noticed an orb of fire
 82840 | Zot:5    | Noticed an ancient lich
 82842 | Zot:5    | Gained mutation: Your body sometimes deteriorates upon
                  | taking damage. [an orb of fire]
 82895 | Zot:5    | Killed an orb of fire
 83172 | Zot:5    | Lost mutation: Armour fits poorly on your strangely shaped
                  | body. [potion of mutation]
 83172 | Zot:5    | Lost mutation: You are very frail. (-20% HP) [potion of
                  | mutation]
 83172 | Zot:5    | Lost mutation: Your body sometimes deteriorates upon taking
                  | damage. [potion of mutation]
 83172 | Zot:5    | Lost mutation: You are frail. (-10% HP) [potion of
                  | mutation]
 83172 | Zot:5    | Gained mutation: Your system is resistant to poisons.
                  | (rPois) [potion of mutation]
 83172 | Zot:5    | Gained mutation: You are partially covered in rugged brown
                  | scales. (AC +1, +3% HP) [potion of mutation]
 83172 | Zot:5    | Gained mutation: You are dopey. (Int -2) [potion of
                  | mutation]
 83172 | Zot:5    | Gained mutation: You are partially covered in large bone
                  | plates. (SH +4) [potion of mutation]
 83335 | Zot:5    | Killed an ancient lich
 83532 | Zot:5    | Noticed an orb of fire
 83742 | Zot:5    | Noticed an ancient lich
 83754 | Zot:5    | Killed an ancient lich
 83899 | Zot:5    | Killed an orb of fire
 83993 | Zot:5    | Noticed an orb of fire
 84000 | Zot:5    | Gained mutation: Your spells are a little easier to cast,
                  | but a little less powerful. [an orb of fire]
 84019 | Zot:5    | Gained mutation: Your body sometimes deteriorates upon
                  | taking damage. [an orb of fire]
 84020 | Zot:5    | Killed an orb of fire
 84450 | Zot:5    | Got the Orb of Zot
 84462 | Zot:5    | Noticed Cieky the pandemonium lord
 84466 | Zot:5    | Killed Cieky the pandemonium lord
 84785 | Depths:1 | Identified the +7 tower shield "Kulur" {rPois}
 84831 | Depths:1 | Noticed Liaji the pandemonium lord
 84834 | Depths:1 | Identified the -4 tower shield of Mysticism {rC+ Int+5}
 84847 | Depths:1 | Killed Liaji the pandemonium lord
 85165 | D:3      | Noticed Ciw Cou the pandemonium lord
 85171 | D:3      | Killed Ciw Cou the pandemonium lord
 85210 | D:1      | Noticed Yzuluf the pandemonium lord
 85225 | D:1      | Killed Yzuluf the pandemonium lord
 85257 | D:$      | Escaped with the Orb!

Illustrated notes

Levels and vault maps discovered:
D:1:      wheals_arrival_linesprint, layout_rooms, serial_rivers,
          chequers_serial_rivers_marsh, chequers_serial_rivers_small_b,
          chequers_serial_rivers_micro_b, chequers_serial_rivers_room_a,
          minmay_pentomino_t4
D:2:      layout_basic, gammafunk_temple_overflow_forgotten,
          lemuel_statue_altar, uniq_robin
D:3:      layout_basic, grunt_temple_overflow_open
D:4:      layout_loops_ring, enter_ossuary_2, guppyfry_early_orc_mine,
          uniq_crazy_yiuf_cottage
D:5:      layout_rooms, grunt_temple_overflow_forces_of_nature,
          nicolae_tso_carved_into_rock, first_ration, uniq_ijyb, uniq_grinder
D:6:      layout_cave_pools, slow_altar_2, overflow_temple_1_default,
          minmay_temple_entry_slanted, elyvilon_altar_4
D:7:      layout_gridville, minivault_5, lemuel_oklob_altar
D:8:      layout_basic
D:9:      layout_gridville, ashenzari_altar_1, basic_altar, the_bakery,
          hangedman_abyss_or_decor_stagger, minivault_26, lightli_orcish_oven
D:10:     layout_rooms, serial_ice, serial_ice_o, serial_ice_e, serial_ice_j,
          serial_ice_a
D:11:     layout_irregular_city, minmay_lair_entry_grove, serial_shops,
          nicolae_shop_trees, portal_ice_cave_entry_pillars_1
D:12:     layout_basic, orc_0_dummy, special_room [special_room_orc], uniq_snorg
D:13:     layout_loops_ring, david_vaults_1, zaba_antful_of_joy, uniq_frances,
          uniq_sonja
D:14:     minmay_blocking_statues, layout_loops_ring
D:15:     gammafunk_enter_depths_forms, layout_basic, basic_altar, serial_shops,
          shop_fountains, grunt_decor_mini_mirrors, uniq_agnes
Lair:1:   layout_gridlike, gauntlet_entry_generic, grunt_megastairs_5
Lair:2:   layout_small_grid, minmay_snake_entry_six_corridors, special_room
          [special_room_bee], wad_woods_road_01, serial_bayou_pond_c
Lair:3:   layout_chaotic_city, minmay_swamp_entry_reptiles, serial_forest,
          infiniplex_forest_corner_1, infiniplex_forest_lined_corner,
          infiniplex_forest_clump_small, infiniplex_forest_clump_long,
          infiniplex_forest_zigzag_1, infiniplex_forest_clump_small,
          infiniplex_forest_clump_curved, infiniplex_forest_end_3,
          serial_bayou_pond_e
Lair:4:   layout_hall_layers, basic_altar, minmay_lair_oklob_chamber,
          serial_bayou_shore_a, grunt_megastairs_4, serial_bayou_shore_b,
          uniq_nessos, uniq_kirke, uniq_rupert
Lair:5:   layout_roguey, slime_altar_1, nicolae_volcano_entry_two_sided
Lair:6:   minmay_lair_end_frog_pond, layout_layer_cave, gammafunk_ghost_arena,
          wad_woods_03
Swamp:1:  cheibrodos_swamp_tower_of_moss, layout_basic_swamp,
          evilmike_swamp_ruin_house_3
Swamp:2:  layout_falls_marsh, evilmike_swamp_ruin_wall
Swamp:3:  layout_falls_marsh, nicolae_swamp_round_clearing
Swamp:4:  swamp, layout_basic_swamp, infiniplex_staircase_pool
Snake:1:  minmay_snake_river, layout_layer_cave, uniq_aizul
Snake:2:  layout_chambers, serial_bayou_pond_e, nicolae_snake_shapes,
          uniq_saint_roka
Snake:3:  layout_rooms, st_stairs_5, nicolae_snake_serpentine_hallways,
          drop_trap, minmay_snake_pond
Snake:4:  grunt_snake_rune_pools, layout_cave_town
Orc:1:    layout_caves, serial_shops, shop
Orc:2:    st_orc_rangers, layout_caves, basic_altar
Elf:1:    eino_elf_arrival_sip, layout_geoelf_diagonals, minivault_28
Elf:2:    layout_gridlike, nicolae_trove_entry_path_of_doom, serial_shops, shop,
          portal_desolation_entry_holy_temple, corexii_hall_statues_x,
          grunt_ministairs_3
Depths:1: layout_cave_shapes, lightli_too_deep, minmay_misc_feat_more_columns,
          kennysheep_two_boxes, roderic_lattice_octagonal_star, minmay_shoptagon
Depths:2: due_chaos_kobolds, layout_cave_pools, enter_ziggurat_e, hell_entry,
          abyss_entry_crystal, minmay_guarded_unrand_robustness
Depths:3: minmay_inside_and_out, layout_cave_shapes, hell_entry,
          rand_demon_pan_entry_5, minmay_staircase_statues_hall_small,
          dk_noncrumbling_2, minmay_shop_grove
Depths:4: kennysheep_funnel, layout_cave_shapes, abyss_entry_small_statue_room,
          pf_hell_entry_tar_river, hangedman_abyss_or_decor_clamps,
          minmay_alternating_orb, minmay_staircase_statues, uniq_frederick,
          uniq_mennas
Depths:5: evilmike_zot_entry_castle, layout_gridlike, hell_entry, serial_shops,
          bzr_entry_islet, fountainhead, hex_large
Hell
Dis:1:    layout_jigsaw
Dis:2:    layout_chaotic_city, evilmike_ambush [evilmike_ambush_outer_corners,
          evilmike_ambush_inner_wall_1]
Dis:3:    layout_gridville
Dis:4:    layout_subdivisions
Dis:5:    layout_chaotic_city
Dis:6:    layout_regular_city
Dis:7:    iron_city_of_dis [dis_old, dis_wall_2], layout_chaotic_city
Coc:1:    layout_cocytus_water_paths, serial_ice
Coc:2:    layout_cocytus_water_paths
Coc:3:    layout_ice_bergs
Coc:4:    layout_cocytus_water_paths
Coc:5:    layout_cocytus_water_paths
Coc:6:    layout_cocytus_water_paths
Coc:7:    coc_grunt
Zot:1:    layout_misc_corridors, grunt_megastairs_3
Zot:2:    layout_onion_interference, bh_zot_levy_curve, hangedman_swamp_dais
Zot:3:    nicolae_moth_party, layout_concentric_octagons, grunt_ministairs_10,
          st_stairs_1
Zot:4:    gammafunk_sealed_arena, layout_gridlike
Zot:5:    layout_basic

Skill      XL: |  1  2  3  4  5  6  7  8  9 10 11 12 13 14 15 16 17 18 19 20 21 22 23 24 25 26 27 |
---------------+----------------------------------------------------------------------------------+-----
Polearms       | 5 6 7 9 10 12 14 16 17 19 21 22 23 24 26 | 26.1
Armour         | 1 2 3 4 5 6 7 8 9 10 11 12 13 14 15 16 19 | 19.0
Fighting       | 3 4 5 6 8 9 10 11 12 13 14 15 16 17 18 19 20 21 22 23 25 | 25.8
Dodging        | 5 6 7 8 10 11 12 13 14 15 16 17 18 19 20 24 | 24.2
Shields        | 3 5 7 9 10 11 12 13 14 15 | 15.0
Invocations    | 2 5 7 9 10 11 12 13 14 15 16 17 18 20 22 23 26 | 26.5
Throwing       | |  2.0

Action                   |  1- 3 |  4- 6 |  7- 9 | 10-12 | 13-15 | 16-18 | 19-21 | 22-24 | 25-27 || total
-------------------------+-------+-------+-------+-------+-------+-------+-------+-------+-------++-------
Melee: Trident           |   115 |   283 |   465 |   942 |  2016 |  1734 |   926 |       |       ||  6481
       Tailslap          |       |       |       |     8 |     4 |       |     2 |       |   109 ||   123
       Trishula          |       |       |       |       |       |       |   639 |  1520 |  4005 ||  6164
       Unarmed           |       |       |       |       |       |       |       |       |     2 ||     2
Throw: Throwing net      |       |       |     2 |     4 |       |     1 |       |       |       ||     7
Invok: Summon Divine War |       |       |       |     1 |     3 |    13 |     9 |    15 |    30 ||    71
       Divine Shield     |       |       |       |       |       |       |     1 |     3 |     7 ||    11
       Cleansing Flame   |       |       |       |       |       |       |    25 |    39 |    31 ||    95
       Brand Weapon With |       |       |       |       |       |       |     1 |       |       ||     1
Evoke: Wand              |       |       |     4 |     8 |    38 |    14 |       |       |       ||    64
       Tin of tremorston |       |       |       |       |     3 |       |       |       |       ||     3
  Use: Potion            |       |     1 |     1 |    10 |     2 |     2 |     2 |       |    16 ||    34
       Scroll            |       |       |     4 |    12 |    16 |    11 |    11 |     5 |    12 ||    71
 Stab: Held in net/web   |       |       |     2 |       |       |       |       |       |       ||     2
  Eat: Chunk             |     1 |     5 |     8 |    20 |    26 |    18 |    11 |       |    22 ||   111
       Ration            |       |     1 |     1 |     1 |     7 |     8 |    10 |    12 |    18 ||    58
Armor: Chain mail        |    48 |    92 |    91 |   127 |       |       |       |       |       ||   358
       Plate armour      |       |       |       |    25 |   224 |   202 |    76 |       |       ||   527
       Gold dragon scale |       |       |       |       |       |       |   222 |   290 |   890 ||  1402
Dodge: Dodged            |    37 |    83 |   104 |   309 |   457 |   425 |   590 |   288 |  1194 ||  3487
Block: Other             |       |    14 |    27 |       |       |       |       |       |       ||    41
       Buckler           |       |       |    51 |   270 |     3 |       |       |       |       ||   324
       Reflection        |       |       |     5 |    14 |     3 |       |       |       |       ||    22
       Kite shield       |       |       |       |    57 |  1228 |   814 |  1018 |   720 |  2439 ||  6276
